 Dungeon Crawl Stone Soup version 0.28-a0-1629-gf728b707aa (webtiles) character file.

Game seed: 9743348700948838064

22171 esteth the Geomancer (level 12, -4/72 HPs)
             Began as a Gargoyle Earth Elementalist on Jan 22, 2022.
             Was an Elder of Vehumet.
             Slain by a catoblepas (20 damage)
             ... on level 4 of the Lair of Beasts on Jan 24, 2022.
             The game lasted 00:50:02 (18912 turns).

esteth the Geomancer (Gargoyle Earth Elementalist) Turns: 18912, Time: 00:50:03

Health: -4/72      AC: 20    Str: 15    XL:     12   Next: 97%
Magic:  9/21       EV: 16    Int: 24    God:    Vehumet [****..]
Gold:   491        SH:  0    Dex: 10    Spells: 7/23 levels left

rFire   . . .      SeeInvis +   M - +3 spear "Reiskot" {vorpal, Fly Str+3 Int+3}
rCold   . . .      Faith    .   (no shield)
rNeg    + . .      Spirit   .   R - +0 steam dragon scales
rPois   ∞          Reflect  .   T - +0 helmet
rElec   +          Harm     .   H - +0 cloak {rCorr}
rCorr   +          Rampage  .   (no gloves)
Will    .....                   j - +0 pair of boots
Stlth   ++........              w - amulet of the acrobat
HPRegen 0.22/turn               i - +4 ring of evasion
MPRegen 0.17/turn               l - ring of see invisible

@: flying
A: sickness immunity, AC +8, negative energy resistance 1, electricity
resistance, torment resistance 1, petrification resistance
a: Renounce Religion


You were on level 4 of the Lair of Beasts.
You worshipped Vehumet.
Vehumet was greatly pleased with you.
You visited 3 branches of the dungeon, and saw 16 of its levels.

You collected 712 gold pieces.
You spent 221 gold pieces at shops.

Inventory:

Hand Weapons
 d - a +3 dagger of venom
 p - a +4 dagger of draining
 q - the +5 long sword "Noqasile" {holy, rC+ Int+4 Dex-5 Stlth+}
   (You found it on level 4 of the Dungeon)

   It has been blessed by the Shining One to cause great damage to the undead
   and demons.
   Int:       It affects your intelligence (+4).
   Dex:       It affects your dexterity (-5).
   rC:        It protects you from cold.
   Stlth:     It makes you more stealthy.
 y - the +1 whip of Tyreoph {spect, Str+3}
   (You took it off an orc on level 5 of the Dungeon)

   When its wielder attacks, the weapon's spirit leaps out and strikes again.
   The spirit shares a part of any damage it takes with its wielder.
   Str:       It affects your strength (+3).
 M - the +3 spear "Reiskot" (weapon) {vorpal, Fly Str+3 Int+3}
   (You found it on level 8 of the Dungeon)

   It inflicts extra damage upon your enemies.
   Str:       It affects your strength (+3).
   Int:       It affects your intelligence (+3).
   Fly:       It grants you flight.
Missiles
 a - 4 throwing nets
 c - 233 stones
Armour
 j - a +0 pair of boots (worn)
 C - +0 fire dragon scales
 H - a +0 cloak of preservation (worn)
 R - +0 steam dragon scales (worn)
 T - a +0 helmet (worn)
Magical Staves
 J - a staff of conjuration
Jewellery
 e - the amulet of Light {Acrobat rC++ Int+7}
   (You found it on level 2 of the Lair of Beasts)

   [amulet of the acrobat]

   It increases your evasion while moving and waiting.
   Int:       It affects your intelligence (+7).
   rC:        It greatly protects you from cold.
 i - a +4 ring of evasion (left hand)
 l - a ring of see invisible (right hand)
 r - a ring of ice
 t - a ring of protection from fire
 w - an amulet of the acrobat (around neck)
 F - a ring of fire
 U - a ring of protection from fire
Wands
 b - a wand of mindburst (6)
 B - a wand of polymorph (1)
 D - a wand of flame (33)
 O - a wand of iceblast (13)
Scrolls
 g - a scroll of fear
 h - 2 scrolls of summoning
 o - a scroll of enchant weapon
 s - 3 scrolls of holy word
 v - a scroll of magic mapping
 E - a scroll of brand weapon {unknown}
 G - a scroll of amnesia {unknown}
 K - 5 scrolls of identify
 L - a scroll of enchant armour {unknown}
 N - 3 scrolls of noise {unknown}
 Q - 3 scrolls of teleportation
 S - a scroll of silence {unknown}
 W - a scroll of immolation {unknown}
Potions
 f - a potion of mutation
 k - 2 potions of lignification
 m - 3 potions of ambrosia
 n - 3 potions of attraction
 u - 4 potions of degeneration
 x - a potion of might {unknown}
 z - 2 potions of magic {unknown}
 A - 4 potions of haste
 I - a potion of brilliance {unknown}
 P - a potion of invisibility {unknown}
 V - 2 potions of cancellation {unknown}
 X - a potion of flight {unknown}
 Y - a potion of curing


   Skills:
 + Level 7.4 Fighting
 - Level 10.0 Armour
 + Level 3.1 Dodging
 - Level 2.1 Stealth
 - Level 6.3 Spellcasting
 - Level 10.5 Conjurations
 - Level 3.0 Hexes
 - Level 6.5 Necromancy
 - Level 0.7 Transmutations
 + Level 12.8 Earth Magic


You had 7 spell levels left.
You knew the following spells:

 Your Spells              Type           Power      Damage    Failure   Level
a - Sandblast             Erth           100%       2d20      1%          1
b - Stone Arrow           Conj/Erth      100%       3d13      1%          3
c - Magic Dart            Conj           100%       1d8       1%          1
d - Passwall              Tmut/Erth      33%        N/A       1%          2
e - Borgnjor's Vile Clut  Necr/Erth      26%        N/A       4%          5
f - Fulminant Prism       Conj/Hex       20%        3d13      1%          4

Your spell library contained the following spells:

 Spells                   Type           Power      Damage    Failure   Level
 Animate Skeleton         Necr           78%        N/A       1%          1
 Foxfire                  Conj/Fire      100%       2x1d9     1%          1
 Pain                     Necr           100%       1d9       1%          1
 Shock                    Conj/Air       100%       1d9       1%          1
 Conjure Flame            Conj/Fire      32%        6-21      1%          3
 Vampiric Draining        Necr           39%        2d8       1%          3
 Flame Wave               Conj/Fire      32%        2d8       2%          4
 Inner Flame              Hex/Fire       14%        N/A       3%          3
 Petrify                  Tmut/Erth      40%        N/A       4%          4
 Tukima's Dance           Hex            22%        N/A       7%          3
 Apportation              Tloc           14%        N/A       8%          1
 Summon Small Mammal      Summ           28%        N/A       8%          1
 Anguish                  Hex/Necr       15%        N/A       11%         4
 Portal Projectile        Hex/Tloc       28%        N/A       12%         3
 Excruciating Wounds      Necr           19%        N/A       14%         5
 Airstrike                Air            3%         N/A       19%         4
 Gell's Gravitas          Tloc           7%         N/A       22%         3
 Swiftness                Air            7%         N/A       22%         3
 Teleport Other           Tloc           7%         N/A       22%         3
 Yara's Violent Unravell  Hex/Tmut       8%         3d5       24%         5
 Conjure Ball Lightning   Conj/Air       16%        3x3d6     32%         6
 Passage of Golubria      Tloc           7%         N/A       58%         4
 Summon Lightning Spire   Summ/Air       7%         N/A       58%         4
 Silence                  Hex/Air        7%         N/A       75%         5
 Blade Hands              Tmut           5%         N/A       85%         5
 Alistair's Intoxication  Tmut/Pois      6%         N/A       88%         5
 Eringya's Noxious Bog    Tmut/Pois      4%         N/A       91%         6
 Dispersal                Tloc           3%         N/A       100%        6
 Enfeeble                 Hex            11%        N/A       100%        7
 Storm Form               Tmut/Air       4%         N/A       100%        7
 Maxwell's Capacitive Co  Air            3%         ∞         100%        8


Dungeon Overview and Level Annotations

Branches:
Dungeon (11/15)            Temple (1/1) D:4            Lair (4/6) D:11
  Swamp (0/4) Lair:2        Snake (0/4) Lair:3
    Orc: D:9-12

Altars:
Ashenzari
Cheibriados
Dithmenos
Elyvilon
Fedhas
Gozag
Hepliaklqana
Kikubaaqudgha
Makhleb
Nemelex Xobeh
Okawaru
Qazlal
Ru
Sif Muna
Trog
Uskayaw
Vehumet
Wu Jian
Xom
Yredelemnul
Zin
The Shining One

Shops:
D:4 (   D:8 ?((!   D:9 (=   D:10 *

Annotations:
D:5 exclusion: downstairs
D:8 exclusion: oklob plant


Innate Abilities, Weirdness & Mutations

You are immune to sickness and miasma.
Your stone body is resilient. (AC +8)
You are immune to poison.
You resist negative energy. (rN+)
You are resistant to electric shocks. (rElec)
You are resistant to unholy torment.
You are immune to petrification.


Message History

The catoblepas breathes a plume of calcifying dust at you.
The blast of calcifying dust hits you.
The blink frog blinks!
The blink frog blinks! x3; The catoblepas completely misses you.
The blink frog blinks!
The blink frog blinks!
The elephant barely misses you. The elephant completely misses you.
The blink frog blinks!
The catoblepas gores you but does no damage.
The blink frog blinks!
The blink frog blinks! x2
You see here a hydra corpse.
The blink frog blinks!
There is a stone staircase leading up here.
Something hits the fungus!!
The fungus begins to die.
The elephant tramples you.
You are shoved backwards!
You stop ascending the stairs.
Casting: Sandblast (safe; 1% risk of failure)
Confirm with . or Enter, or press ? or * to list all spells.
Aiming: Passwall (safe; 1% risk of failure)
Press: ? - help, Dir - move target A rock wall.
The elephant tramples you but does no damage.
The elephant closely misses you.
The catoblepas gores you but does no damage.
You begin to meditate on the wall.
You continue meditating on the rock.
The elephant tramples you but does no damage.
The elephant trunk-slaps you but does no damage.
The catoblepas gores you but does no damage.
You continue meditating on the rock.
The elephant tramples you.
* * * LOW HITPOINT WARNING * * *
You hold your ground!
The elephant trunk-slaps you but does no damage.
The catoblepas misses you.
You continue meditating on the rock.
A nearby fungus withers and dies.
The blink frog seems to regain its courage.
The elephant barely misses you.
The elephant trunk-slaps you but does no damage.
The catoblepas gores you!!
You die...

.#....P...#
.......>.....#
.............#
........P....#
...F........#
.....P#....##
##..##...†P#
##........F###
#......†..YY@#
##........†.Y##
#............##
#....Y....^...#
#P..†........##
##..P.##.#.###
#.######### ##


You could see a catoblepas, 2 elephants and a blink frog.

Vanquished Creatures
  Harold (D:8)
  2 boulder beetles
  3 hydras
  Erica (D:8)
  3 two-headed ogres
  Sonja (Lair:3)
  Pikel (D:5)
  An ugly thing (D:11)
  A cyclops (D:11)
  3 black mambas
  3 elephants (Lair:4)
  5 cane toads
  A gargoyle (D:10)
  A komodo dragon (Lair:2)
  A troll (D:9)
  A hornet (Lair:4)
  4 blink frogs (Lair:1)
  2 shadows
  13 yaks
  A wyvern (Lair:1)
  2 basilisks
  A steam dragon (D:9)
  5 swamp worms
  A warg (D:11)
  4 nagas (Lair:3)
  An acid dragon (D:11)
  3 water moccasins
  5 orc warriors
  2 sky beasts
  2 black bears
  3 necrophages (D:10)
  An ogre (D:5)
  2 centaurs
  3 kobold brigands
  A wyvern zombie (D:6)
  16 bullfrogs
  A gnoll sergeant (D:8)
  2 scorpions
  A water moccasin skeleton (D:6)
  A wyvern skeleton (D:6)
  4 wights (D:10)
  6 killer bees (D:8)
  5 centaur zombies
  A bullfrog zombie (D:5)
  6 hounds
  8 orc priests
  4 iguanas
  13 orc wizards
  Natasha (thrice) (D:2)
  A killer bee zombie (D:6)
  A hound skeleton (D:4)
  A howler monkey zombie (D:6)
  Robin (D:3)
  A howler monkey skeleton (D:5)
  11 adders
  4 gnolls (D:8)
  2 shadow imps
  3 white imps
  2 ufetubi
  An adder skeleton (D:4)
  4 worms
  2 dart slugs (D:2)
  53 orcs
  3 ball pythons
  2 bats
  8 endoplasms
  5 giant cockroaches
  18 goblins
  6 hobgoblins
  9 jackals
  24 kobolds
  3 quokkas
  3 frilled lizards
  14 rats
  2 briar patches (D:10)
340 creatures vanquished.

Vanquished Creatures (others)
  A briar patch (D:10)
  23 fulminant prisms
  11 fungi
  37 plants
72 creatures vanquished.

Grand Total: 412 creatures vanquished

Notes
Turn   | Place    | Note
-------+----------+-------------------------------------------
     0 | D:1      | esteth the Gargoyle Earth Elementalist began the quest for
                  | the Orb.
     0 | D:1      | Reached XP level 1. HP: 10/10 MP: 3/3
   123 | D:1      | Reached skill level 4 in Earth Magic
   135 | D:1      | Reached XP level 2. HP: 4/15 MP: 0/5
  1178 | D:1      | Reached XP level 3. HP: 14/19 MP: 6/6
  1250 | D:1      | You fall into a shaft and drop 1 floor!
  1299 | D:1      | Reached skill level 5 in Earth Magic
  1955 | D:2      | Reached XP level 4. HP: 24/24 MP: 3/7
  2027 | D:2      | Reached skill level 6 in Earth Magic
  2107 | D:2      | Noticed Natasha
  2120 | D:2      | Killed Natasha
  2335 | D:2      | Noticed Natasha
  2347 | D:2      | Killed Natasha
  2348 | D:2      | Reached XP level 5. HP: 18/28 MP: 1/8
  2385 | D:2      | Noticed Natasha
  2392 | D:2      | Killed Natasha
  2393 | D:2      | Reached skill level 7 in Earth Magic
  3833 | D:3      | Reached XP level 6. HP: 10/32 MP: 7/9
  3850 | D:3      | Reached skill level 8 in Earth Magic
  3914 | D:3      | Noticed Robin
  3956 | D:3      | Killed Robin
  4660 | D:4      | Found a staircase to the Ecumenical Temple.
  4669 | Temple   | Entered the Ecumenical Temple
  4825 | Temple   | Upgraded the game from 0.28-a0-1616-g050a50673c to
                  | 0.28-a0-1629-gf728b707aa
  5065 | D:4      | Found a shimmering blue altar of Sif Muna.
  5073 | D:4      | Reached skill level 9 in Earth Magic
  5110 | D:4      | Found an ancient bone altar of Kikubaaqudgha.
  5145 | D:4      | Reached XP level 7. HP: 19/36 MP: 10/10
  5344 | D:4      | Got Kikubaaqudgha's Reference Book on Unholy Rites
  5354 | D:4      | Found a radiant altar of Vehumet.
  5360 | D:4      | Became a worshipper of Vehumet
  5440 | D:4      | Found Xuek's Weapon Shoppe.
  5597 | D:4      | Identified the +5 long sword "Noqasile" {holy, rC+ Int+4
                  | Dex-5 Stlth+}
  5623 | D:4      | Learned a level 3 spell: Stone Arrow
  5914 | D:4      | Reached skill level 1 in Conjurations
  5914 | D:4      | Reached skill level 10 in Earth Magic
  5973 | D:5      | Entered Level 5 of the Dungeon
  6727 | D:5      | Reached XP level 8. HP: 36/41 MP: 11/11
  6796 | D:5      | Reached * piety under Vehumet
  6796 | D:5      | Offered knowledge of Magic Dart by Vehumet.
  6819 | D:5      | Reached skill level 5 in Conjurations
  6868 | D:5      | Learned a level 1 spell: Magic Dart
  6972 | D:5      | Reached skill level 1 in Fighting
  6972 | D:5      | Reached skill level 1 in Armour
  7018 | D:5      | Found a glowing golden altar of the Shining One.
  7207 | D:5      | Found an opulent altar of Gozag.
  7207 | D:5      | Noticed Pikel
  7210 | D:5      | Found a white marble altar of Elyvilon.
  7217 | D:5      | Killed Pikel
  7397 | D:5      | Identified the +1 whip of Tyreoph {spect, Str+3}
  7622 | D:5      | Reached XP level 9. HP: 28/52 MP: 1/12
  8292 | D:6      | Identified a scroll of acquirement
  8292 | D:6      | Acquired a book of Flames
  8338 | D:6      | Reached ** piety under Vehumet
  8338 | D:6      | Offered knowledge of Scorch by Vehumet.
  8443 | D:6      | Reached skill level 5 in Armour
  8572 | D:6      | Found a hide-covered altar of Uskayaw.
  9377 | D:7      | Offered knowledge of Ignite Poison by Vehumet.
  9645 | D:7      | Reached *** piety under Vehumet
  9815 | D:8      | Found Icvenew's Distillery.
  9906 | D:8      | Bought a potion of heal wounds for 80 gold pieces
  9906 | D:8      | Bought 2 potions of curing for 96 gold pieces
 10073 | D:8      | Reached XP level 10. HP: 49/57 MP: 11/15
 10402 | D:8      | Found a blossoming altar of Fedhas.
 10414 | D:8      | Noticed an oklob plant
 10525 | D:8      | Noticed Harold
 10532 | D:8      | Killed Harold
 10533 | D:8      | Reached skill level 10 in Armour
 10652 | D:8      | Identified the +3 spear "Reiskot" {vorpal, Fly Str+3 Int+3}
 10657 | D:8      | Found Wumod's Weapon Shoppe.
 10673 | D:8      | Found Eskisod's Weapon Boutique.
 10697 | D:8      | Offered knowledge of Airstrike by Vehumet.
 10922 | D:8      | Found Ugaot's Magic Scroll Shoppe.
 10926 | D:8      | Noticed Erica
 10933 | D:8      | Killed Erica
 11011 | D:8      | Bought a scroll of teleportation for 45 gold pieces
 11393 | D:9      | Noticed a two-headed ogre
 11447 | D:9      | Killed a two-headed ogre
 11448 | D:9      | Reached skill level 5 in Spellcasting
 12055 | D:9      | Found Xeweonei's Antique Weapon Boutique.
 12072 | D:9      | Found Yge Harch's Jewellery Emporium.
 12207 | D:9      | Noticed a two-headed ogre
 12212 | D:9      | Learned a level 2 spell: Passwall
 12220 | D:9      | Killed a two-headed ogre
 12221 | D:9      | Reached XP level 11. HP: 61/61 MP: 12/20
 12411 | D:10     | Entered Level 10 of the Dungeon
 12551 | D:10     | Found a transporter.
 12803 | D:10     | Found Zin's Purification Station.
 12803 | D:10     | Found a glowing silver altar of Zin.
 13034 | D:10     | Reached skill level 10 in Conjurations
 13111 | D:10     | Found a transporter.
 13169 | D:10     | Reached **** piety under Vehumet
 13752 | D:10     | Learned a level 5 spell: Borgnjor's Vile Clutch
 13756 | D:10     | Noticed a two-headed ogre
 13762 | D:10     | Killed a two-headed ogre
 13924 | D:10     | Offered knowledge of Fulminant Prism by Vehumet.
 13994 | D:10     | Learned a level 4 spell: Fulminant Prism
 14407 | D:11     | Found a staircase to the Lair.
 14423 | D:11     | Noticed a brown ugly thing
 14443 | D:11     | Noticed a cyclops
 14593 | D:10     | Reached skill level 1 in Hexes
 14772 | D:11     | Killed a cyclops
 14846 | D:11     | Killed a brown ugly thing
 15028 | Lair:1   | Entered Level 1 of the Lair of Beasts
 15115 | Lair:1   | Reached skill level 5 in Necromancy
 15330 | Lair:1   | Got the Almanac of the Ancient Xeniums
 15423 | Lair:1   | Reached XP level 12. HP: 33/66 MP: 21/21
 15930 | Lair:2   | Noticed a five-headed hydra
 15943 | Lair:2   | Killed a five-headed hydra
 16122 | Lair:2   | Noticed a boulder beetle
 16253 | Lair:1   | HP: 3/66 [boulder beetle (10)]
 16484 | Lair:1   | Killed a boulder beetle
 16485 | Lair:1   | Reached skill level 11 in Earth Magic
 16703 | Lair:2   | Noticed a four-headed hydra
 16710 | Lair:2   | Killed a four-headed hydra
 16842 | Lair:2   | Reached skill level 5 in Fighting
 16949 | Lair:2   | Identified the amulet of Light {Acrobat rC++ Int+7}
 17302 | Lair:2   | Found a staircase to the Swamp.
 17837 | Lair:3   | Noticed a boulder beetle
 17882 | Lair:3   | Found a staircase to the Snake Pit.
 17895 | Lair:3   | Noticed Sonja
 17898 | Lair:3   | Killed Sonja
 17899 | Lair:3   | Reached skill level 12 in Earth Magic
 18547 | Lair:3   | Killed a boulder beetle
 18777 | Lair:4   | Noticed a catoblepas
 18781 | Lair:4   | Noticed a four-headed hydra
 18891 | Lair:4   | Killed a four-headed hydra
 18912 | Lair:4   | Slain by a catoblepas

Illustrated notes

Levels and vault maps discovered:
D:1:      onia_arrival_mini_spirals, layout_basic, chequers_serial_rivers_marsh,
          minmay_distorted
D:2:      minmay_alternating_diamond, layout_rooms, serial_corexii_hall,
          chequers_hall_statues_corner_a, corexii_hall_statues_l,
          minmay_rat_gold_closets, uniq_natasha
D:3:      layout_basic, hex_intersection, minivault_23, uniq_robin
D:4:      layout_cave_pools, palyth_temple_overflow_mages,
          minmay_temple_entry_water_ring, serial_shops,
          nicolae_shop_bloodbath_and_beyond
D:5:      layout_loops_ring, mainiacjoe_overflow_cross_hatched,
          gammafunk_temple_overflow_pools, kennysheep_small_circle, uniq_pikel
D:6:      corexii_shack_village, layout_rooms, lemuel_round_altar,
          minmay_misc_feat_x, serial_park_tiny_pond
D:7:      layout_rooms
D:8:      layout_cave_pools, tgw_fedhas, serial_shops, nicolae_take_the_stairs,
          shop_scrolls, nicolae_shop_crystal, shop, uniq_harold, uniq_erica
D:9:      layout_loops_ring, serial_shops, nicolae_shop_advertising_works
          [nicolae_subvault_shop_adworks], shop_statue
D:10:     gammafunk_worm_tunnel, layout_stronghold, zin_purify, serial_undead,
          serial_undead_e, serial_undead_b, serial_undead_e, serial_undead_c,
          serial_undead_a, serial_undead_c
D:11:     lemuel_ogre_cave, layout_rooms, erik_lair_orcish_takeover,
          serial_aquarium, aquarium_bridge_island_small
          [aquarium_subvault_small_open, aquarium_subvault_bridge,
          aquarium_subvault_bridge, aquarium_subvault_bridge,
          aquarium_subvault_balcony], aquarium_window_corner,
          aquarium_window_corner, aquarium_window_fake, aquarium_window_3,
          aquarium_view_2e, aquarium_view_2d, aquarium_balcony_1b,
          nicolae_looking_at_the_future
Temple:   dshaligram_water_room_temple
Lair:1:   layout_hall_layers, lemuel_fruit_fields
Lair:2:   layout_misc_corridors, palyth_hydra_swamp_entry, nzn_sisyphean_effort
Lair:3:   layout_cave_pods, minmay_snake_entry_guardpost_small, uniq_sonja
Lair:4:   layout_gridlike, portal_ice_cave_entry_ice_simulacra

Skill      XL: |  1  2  3  4  5  6  7  8  9 10 11 12 |
---------------+-------------------------------------+-----
Earth Magic    | 4 5 6 7 9 10 12 | 12.8
Conjurations   | 4 5 6 8 10 | 10.5
Fighting       | 4 7 |  7.4
Armour         | 4 9 10 | 10.0
Spellcasting   | 3 6 |  6.3
Necromancy     | 5 6 |  6.5
Hexes          | 3 |  3.0
Dodging        | 3 |  3.1
Stealth        | |  2.1
Transmutations | |  0.7

Action                   |  1- 3 |  4- 6 |  7- 9 | 10-12 || total
-------------------------+-------+-------+-------+-------++-------
Melee: Unarmed           |    25 |       |       |       ||    25
       Dagger            |   129 |   284 |    30 |    13 ||   456
       Punch             |     2 |     4 |     1 |     2 ||     9
       Long sword        |       |       |   315 |    25 ||   340
       Spear             |       |       |       |   251 ||   251
 Cast: Sandblast         |    18 |    36 |    49 |   156 ||   259
       Magic Dart        |       |       |    12 |    22 ||    34
       Stone Arrow       |       |       |     7 |    39 ||    46
       Fulminant Prism   |       |       |       |    23 ||    23
       Borgnjor's Vile C |       |       |       |    34 ||    34
       Passwall          |       |       |       |     1 ||     1
  Use: Potion            |       |     1 |       |     7 ||     8
       Scroll            |       |       |     2 |    15 ||    17
 Stab: Sleeping          |     2 |     9 |     7 |       ||    18
       Distracted        |     1 |       |       |       ||     1
Armor: Robe              |    61 |    89 |    26 |       ||   176
       Skin              |       |    21 |     1 |       ||    22
       Fire dragon scale |       |       |   165 |   139 ||   304
       Leather armour    |       |       |    10 |       ||    10
       Steam dragon scal |       |       |       |   124 ||   124
Dodge: Dodged            |   137 |   228 |   342 |   441 ||  1148

Table legend: (Time is in decaauts)
 A = Elapsed time spent in this place.
 B = Non-inter-level travel time spent in this place.
 C = Inter-level travel time spent in this place.
 D = Time resting spent in this place.
 E = Time spent auto-exploring this place.
 F = Levels seen in this place.
 G = Mean time per level.
                   A        B        C        D        E       F      G
               +--------+--------+--------+--------+--------+-----+--------+
         Total |  19083 |  18646 |    437 |   4980 |   9990 |  16 | 1192.7 |
       Dungeon |  15011 |  14719 |    292 |   3574 |   8101 |  11 | 1364.6 |
        Temple |    178 |    155 |     23 |      0 |    136 |   1 |  178.0 |
          Lair |   3892 |   3770 |    122 |   1406 |   1753 |   4 |  973.0 |
               +--------+--------+--------+--------+--------+-----+--------+

Top non-repeatable levels by time:
    D:10: 2111 daAuts
     D:5: 2044 daAuts
     D:3: 1691 daAuts
     D:2: 1599 daAuts
  Lair:3: 1514 daAuts
  Lair:1: 1463 daAuts
     D:8: 1439 daAuts
     D:1: 1369 daAuts
     D:6: 1247 daAuts
     D:9: 1188 daAuts
     D:4: 1144 daAuts
  Lair:2: 866 daAuts
     D:7: 655 daAuts
    D:11: 519 daAuts
  Temple: 178 daAuts
